 Dungeon Crawl Stone Soup version 0.18-a0-1400-g0ef5d54 (webtiles) character file.

13043 sanyatabpro the Cleaver (level 12, -4/112 HPs)
             Began as a Hill Orc Fighter on Feb 24, 2016.
             Was an Elder of Makhleb.
             Slain by an elephant (13 damage)
             ... on level 2 of the Lair of Beasts.
             The game lasted 00:25:48 (10315 turns).

sanyatabpro the Cleaver (Hill Orc Fighter)         Turns: 10315, Time: 00:25:48

Health: -4/112     AC: 15    Str: 20    XL:     12   Next: 1%
Magic:  16/18      EV: 11    Int:  8    God:    Makhleb [****..]
Gold:   568        SH:  9    Dex: 16    Spells: 0 memorised, 11 levels left

rFire  + . .     SeeInvis +     a - +1 war axe
rCold  + . .     Gourm    +     C - +5 scale mail "Joagiugi" {-Cast Regen+ Dex+2 SInv}
rNeg   . . .     Faith    .     c - +0 shield
rPois  .         Spirit   .     (no helmet)
rElec  .         Dismiss  .     q - +0 cloak
rCorr  .         Reflect  .     (no gloves)
SustAt .         Harm     .     (no boots)
MR     .....     NoCast   +     H - amulet of the gourmand
Stlth  ..........               W - ring of protection from fire
                                P - ring of protection from cold

@: very slightly contaminated, hasted, very quick, not resistant to hostile
enchantments, extremely unstealthy
A: no striking features
a: Minor Destruction, Lesser Servant of Makhleb, Major Destruction, Renounce
Religion


You were on level 2 of the Lair of Beasts.
You worshipped Makhleb.
Makhleb was greatly pleased with you.
You were completely stuffed.

You visited 3 branches of the dungeon, and saw 14 of its levels.
You also visited: Sewer.

You collected 568 gold pieces.

Inventory:

Hand Weapons
 a - a +1 war axe (weapon)
Armour
 c - a +0 shield (worn)
 l - a +3 scale mail of poison resistance
 q - a +0 cloak (worn)
 C - the +5 scale mail "Joagiugi" (worn) {-Cast Regen+ Dex+2 SInv}
   (You found it on level 4 of the Dungeon)

   It affects your dexterity (+2).
   It lets you see invisible.
   It prevents spellcasting.
   It increases your rate of regeneration.
Jewellery
 i - an uncursed ring of ice
 D - an uncursed ring of resist corrosion
 H - an amulet of the gourmand (around neck)
 P - a ring of protection from cold (left hand)
 W - a ring of protection from fire (right hand)
Wands
 b - a wand of iceblast (9/15)
 k - a wand of iceblast (10/15)
 p - a wand of enslavement (12/24)
 F - a wand of random effects (14/48)
 M - a wand of acid (7/15)
Scrolls
 e - 8 scrolls of remove curse
 h - a scroll of amnesia
 u - 2 scrolls of random uselessness {unknown}
 v - a scroll of blinking
 y - a scroll of fear
 z - 2 scrolls of recharging {unknown}
 B - 2 scrolls of fog {unknown}
 E - a scroll of enchant weapon
 I - a scroll of noise {unknown}
 L - a scroll of magic mapping {unknown}
 N - 5 scrolls of teleportation {unknown}
 O - 2 scrolls of identify
Potions
 d - a potion of might
 m - 2 potions of cancellation
 n - 2 potions of haste
 o - 2 potions of curing
 r - 3 potions of brilliance
 s - a potion of invisibility
 t - 2 potions of lignification
 x - 3 potions of flight
 A - 2 potions of magic
 G - a potion of ambrosia
 J - a potion of cure mutation
 K - 2 potions of agility
Books
 Q - a book of Alchemy

   Spells                             Type                      Level
   a - Sublimation of Blood           Necromancy                   2
   b - Ignite Poison                  Fire/Transmutation/Poison    3
   c - Petrify                        Transmutation/Earth          4
   d - Alistair's Intoxication        Transmutation/Poison         5
   e - Irradiate                      Conjuration/Transmutation    5
 R - a book of the Warp

   Spells                             Type                      Level
   a - Recall                         Summoning/Translocation      3
   b - Gell's Gravitas                Hexes/Translocation          3
   c - Force Lance                    Conjuration/Translocation    4
   d - Warp Weapon                    Charms/Translocation         5
   e - Summon Forest                  Summoning/Translocation      5
Comestibles
 f - 12 bread rations
 g - 18 fruits
 j - 4 chunks of flesh
 w - 8 meat rations
 T - a beef jerky
 U - a slice of pizza


   Skills:
 - Level 12.1 Fighting
 - Level 12.3 Axes
 - Level 11.0 Armour
 - Level 5.2 Dodging
 - Level 3.2 Shields
 + Level 8.1 Invocations


You had 11 spell levels left.
You didn't know any spells.

Dungeon Overview and Level Annotations

Branches:
Dungeon (11/15)            Temple (1/1) D:6            Lair (2/8) D:10
    Orc (0/2) D:11

Altars:
Ashenzari
Cheibriados
Dithmenos
Elyvilon
Fedhas
Kikubaaqudgha
Makhleb
Nemelex Xobeh
Okawaru
Pakellas
Ru
Sif Muna
Trog
Vehumet
Xom
Yredelemnul
Zin
The Shining One

Shops:
D:4 [   D:5 :

Annotations:
D:9 namelastname112's ghost, journeyman DrMo


Message History

The elephant tramples you but does no damage.
The elephant closely misses you.
Your balrug hits the elephant with a demon whip of venom!
The elephant is engulfed in flames!!
The elephant dies!
Makhleb accepts your kill.
Your Invocations skill increases to level 8!
You have reached level 12!
Your experience leads to an increase in your attributes!
Your base attributes are Str 20, Int 8, Dex 13.
Increase (S)trength, (I)ntelligence, or (D)exterity?
You feel agile.
The elephant tramples you but does no damage.
The elephant trunk-slaps you but does no damage.
You hit the elephant.
The elephant is severely wounded.
You hit the elephant but do no damage.
The elephant is severely wounded.
The elephant tramples you!
You die...

####........##
##.......##
##........#
#.........#
#........##
##......>#
#.......# ## ###
#......Y##
.####P###.....rY@#
..............r<##
......†.......2Y#
÷..†..†.........#
†...............#
###...#.........##
#######........#
##.......##
#........#


You could see 3 elephants, 2 river rats and a friendly balrug.

Vanquished Creatures
  Fannar (D:10)
  Pikel (D:4)
  A manticore (D:11)
  A centaur zombie (D:10)
  2 elephants (Lair:2)
  A spiny frog (Lair:1)
  A fire drake (Lair:1)
  3 trolls
  4 slime creatures (D:11)
  A spriggan (D:7)
  Sigmund (D:4)
  4 yaks (Lair:1)
  A hippogriff (Lair:1)
  2 hungry ghosts (D:8)
  2 water moccasins (Lair:1)
  A porcupine (Lair:1)
  3 orc warriors
  4 ice beasts
  8 sky beasts
  A phantom (D:8)
  A black bear (Lair:1)
  A necrophage (D:7)
  A wasp (D:10)
  4 centaurs
  8 ogres
  A crocodile (Lair:1)
  Blork the orc (D:5)
  4 big kobolds (D:11)
  A wyvern zombie (D:10)
  6 giant frogs
  6 gnoll sergeants (D:11)
  2 scorpions
  4 howler monkeys
  4 killer bees (D:7)
  8 wights
  3 crimson imps
  A gnoll shaman (D:10)
  A giant frog skeleton (D:5)
  4 hounds
  6 orc priests
  2 jellies
  Jessica (D:2)
  Terence (D:1)
  An iguana (D:8)
  9 orc wizards
  7 worker ants
  A killer bee zombie (D:10)
  Robin (D:4)
  8 gnolls
  A howler monkey skeleton (D:4)
  17 adders
  15 river rats
  2 shadow imps
  5 oozes (Sewer)
  An adder zombie (D:6)
  7 worms
  A dart slug (D:2)
  5 giant geckos
  38 orcs
  8 giant cockroaches
  6 hobgoblins
  8 jackals
  7 quokkas
  7 ball pythons
  13 bats
  8 giant newts
  11 goblins
  A jackal skeleton (D:4)
  A jackal zombie (D:5)
  17 kobolds
  A quokka skeleton (D:5)
  17 rats
  10 fungi (D:10)
348 creatures vanquished.

Vanquished Creatures (collateral kills)
  An elephant (Lair:2)
  A komodo dragon (Lair:1)
  An orc warrior (D:11)
  A crocodile (Lair:1)
4 creatures vanquished.

Vanquished Creatures (others)
  An orc wizard (D:6)
  An orc (D:6)
  A jackal (D:4)
  2 fungi (Lair:1)
  2 plants (Lair:1)
7 creatures vanquished.

Grand Total: 359 creatures vanquished

Notes
Turn   | Place    | Note
--------------------------------------------------------------
     0 | D:1      | sanyatabpro the Hill Orc Fighter began the quest for the Orb.
     0 | D:1      | Reached XP level 1. HP: 19/19 MP: 1/1
   108 | D:1      | Reached XP level 2. HP: 24/26 MP: 2/2
   846 | D:2      | Reached XP level 3. HP: 31/31 MP: 3/3
   863 | D:2      | Found a glowing golden altar of the Shining One.
   888 | D:2      | Reached skill level 5 in Axes
   999 | D:2      | Noticed Jessica
  1006 | D:2      | Killed Jessica
  1006 | D:2      | Reached XP level 4. HP: 36/39 MP: 4/4
  1055 | D:2      | Noticed Terence
  1089 | D:1      | Killed Terence
  1254 | D:1      | Reached XP level 5. HP: 40/45 MP: 5/5
  1891 | D:3      | Found a blossoming altar of Fedhas.
  1976 | D:3      | Found a sacrificial altar of Ru.
  2106 | D:3      | Reached XP level 6. HP: 47/51 MP: 6/6
  2218 | D:3      | Found a glowing drain.
  2235 | Sewer    | Entered a sewer
  3039 | D:4      | Got a bloodstained scale mail
  3050 | D:4      | Identified the +5 scale mail "Joagiugi" {-Cast Regen+ Dex+2 SInv} (You found it on level 4 of the Dungeon)
  3104 | D:4      | Noticed Pikel
  3105 | D:4      | Noticed a slave
  3105 | D:4      | Noticed a slave
  3106 | D:4      | Noticed a slave
  3106 | D:4      | Noticed a slave
  3128 | D:4      | Killed Pikel
  3128 | D:4      | Reached XP level 7. HP: 51/57 MP: 7/7
  3128 | D:4      | Reached XP level 8. HP: 57/64 MP: 8/8
  3153 | D:4      | Found an oddly glowing altar of Pakellas.
  3155 | D:4      | Noticed Sigmund
  3171 | D:4      | Killed Sigmund
  3212 | D:4      | Noticed Robin
  3221 | D:4      | Killed Robin
  3421 | D:4      | Found Qeotes's Armour Shop.
  3554 | D:5      | Entered Level 5 of the Dungeon
  3603 | D:5      | Reached skill level 5 in Fighting
  3614 | D:5      | Noticed Blork the orc
  3631 | D:5      | Killed Blork the orc
  3684 | D:5      | Found Obityruy's Book Boutique.
  3968 | D:5      | Reached XP level 9. HP: 28/80 MP: 9/9
  4147 | D:6      | Found a radiant altar of Vehumet.
  4701 | D:6      | Found a staircase to the Ecumenical Temple.
  4722 | Temple   | Entered the Ecumenical Temple
  4810 | Temple   | Became a worshipper of Makhleb the Destroyer
  4892 | D:6      | Found a white marble altar of Elyvilon.
  4915 | D:6      | Found a shattered altar of Ashenzari.
  5324 | D:7      | Reached skill level 10 in Fighting
  5324 | D:7      | Reached * piety under Makhleb
  5838 | D:8      | Reached XP level 10. HP: 88/97 MP: 10/10
  5974 | D:8      | Reached ** piety under Makhleb
  6154 | D:8      | Reached skill level 5 in Armour
  6441 | D:9      | Noticed namelastname112's ghost (journeyman DrMo)
  6808 | D:10     | Entered Level 10 of the Dungeon
  6955 | D:10     | Noticed Fannar
  6958 | D:10     | Found a staircase to the Lair.
  6970 | D:10     | Reached *** piety under Makhleb
  6982 | D:10     | Killed Fannar
  7051 | D:10     | Reached skill level 5 in Dodging
  7281 | D:10     | Paralysed by a wasp for 1 turns
  7282 | D:10     | Reached XP level 11. HP: 84/104 MP: 11/11
  7828 | D:11     | Found a staircase to the Orcish Mines.
  8130 | D:11     | Reached **** piety under Makhleb
  8567 | D:11     | Noticed a manticore
  8588 | D:11     | Killed a manticore
  8588 | D:11     | Reached skill level 10 in Armour
  9077 | Lair:1   | Entered Level 1 of the Lair of Beasts
  9296 | Lair:1   | Reached skill level 1 in Invocations
  9323 | Lair:1   | Reached ***** piety under Makhleb
  9544 | Lair:1   | Reached skill level 5 in Invocations
 10314 | Lair:2   | Reached XP level 12. HP: 9/112 MP: 16/18
 10315 | Lair:2   | Slain by an elephant

Vault maps used:
D:1:      onia_arrival_mini_maze, grunt_decor_fettered
D:2:      tso_oasis_becter, uniq_terence, uniq_jessica
D:3:      fedhas_altar_fruit_tree, portal_sewer_entry_c, minmay_misc_feat_alley,
          hangedman_ru_absence
D:4:      lemuel_crystal_altar, serial_shops, shop, uniq_sigmund, uniq_robin,
          uniq_pikel
D:5:      serial_shops, shop, first_bread, minmay_misc_feat_plants,
          uniq_blork_the_orc
D:6:      lemuel_doored_altar, cheibrodos_ashenzari_chains, fiery_altar_vehumet,
          minmay_temple_entry_glass, hangedman_decor_opposing
D:7:      the_bakery, minmay_misc_feat_nine_boxes
D:9:      grunt_pakellas_basics, uniq_grum, uniq_maurice
D:10:     due_lair_maze_entry_diamond, uniq_fannar
D:11:     kennysheep_orc_monster_closet_entryway, minmay_misc_feat_room
Temple:   chambers_temple_14
Lair:1:   lemuel_fruit_tree
Lair:2:   beast_lair_carwin_4, uniq_gastronok
Sewer:    sewer_co_15_rooms

Skill      XL: |  1  2  3  4  5  6  7  8  9 10 11 |
---------------+----------------------------------+-----
Axes           | 3 4 5 6 8 11 12 | 12.3
Fighting       | 7 12 | 12.1
Armour         | 7 11 | 11.0
Dodging        | 5 |  5.2
Invocations    | 8 |  8.1
Shields        | |  3.2

Action                   |  1- 3 |  4- 6 |  7- 9 | 10-12 || total
-------------------------+-------+-------+-------+-------++-------
Melee: War axe           |    91 |   374 |   325 |   673 ||  1463
Invok: Lesser Servant of |       |       |       |     2 ||     2
       Greater Servant o |       |       |       |     1 ||     1
  Use: Scroll            |       |    11 |     3 |     5 ||    19
       Potion            |       |       |     1 |     6 ||     7
 Stab: Distracted        |       |       |     1 |     2 ||     3
  Eat: Chunk             |       |     8 |    10 |    30 ||    48
       Beef jerky        |       |       |     1 |       ||     1
